 Dungeon Crawl Stone Soup version 0.19-a0-1676-g39ae8cc (webtiles) character file.

350 Amnesiac the Digger (level 6, -1/32 HPs)
             Began as a Deep Elf Earth Elementalist on Sept 23, 2016.
             Was a Follower of Sif Muna.
             Slain by a centaur (2 damage)
             ... on level 6 of the Dungeon.
             The game lasted 00:03:54 (1527 turns).

Amnesiac the Digger (Deep Elf Earth Elementalist)   Turns: 1527, Time: 00:03:55

Health: -1/32      AC:  3    Str:  3 (5)  XL:     6   Next: 34%
Magic:  11/16      EV: 12    Int: 20 (22) God:    Sif Muna [*.....]
Gold:   97         SH:  0    Dex: 12 (15) Spells: 4 memorised, 5 levels left

rFire  . . .     SeeInvis .     b - 80 stones
rCold  . . .     Gourm    .     c - +0 robe
rNeg   . . .     Faith    .     (no shield)
rPois  .         Spirit   .     (no helmet)
rElec  .         Dismiss  .     l - +0 cloak
rCorr  .         Reflect  .     (no gloves)
MR     .....     Harm     .     (no boots)
Stlth  ++........               (no amulet)
                                (no ring)
                                (no ring)

@: divine energy
A: no striking features
a: Stop Divine Energy, Renounce Religion


You were on level 6 of the Dungeon.
You worshipped Sif Muna.
Sif Muna was aware of your devotion.
You were not hungry.

You visited 1 branch of the dungeon, and saw 6 of its levels.
You also visited: Sewer.

You collected 97 gold pieces.

Inventory:

Hand Weapons
 k - a +2 quarterstaff of chaos
 m - a +0 mace of protection
Missiles
 b - 80 stones (in hand)
Armour
 c - a +0 robe (worn)
 l - a +0 cloak (worn)
Wands
 j - a wand of enslavement (10/24)
Scrolls
 a - 2 scrolls of remove curse {unknown}
 g - a scroll of noise {unknown}
 h - a scroll of immolation {unknown}
Potions
 f - a potion of might {unknown}
 i - a potion of curing {unknown}
 n - 3 potions of degeneration
 p - 3 potions of flight {unknown}
 q - 2 potions of heal wounds {unknown}
Books
 e - a book of Geomancy

   Spells                             Type                      Level
   a - Sandblast                      Earth                        1
   b - Passwall                       Transmutation/Earth          2
   c - Stone Arrow                    Conjuration/Earth            3
   d - Petrify                        Transmutation/Earth          4
   e - Lee's Rapid Deconstruction     Earth                        5
Comestibles
 d - a bread ration
 o - 4 chunks of flesh


   Skills:
 - Level 2.4 Dodging
 - Level 2.4 Stealth
 + Level 5.8 Spellcasting
 - Level 1.1 Transmutations
 * Level 6.7 Earth Magic


You had 5 spell levels left.
You knew the following spells:

 Your Spells              Type           Power        Failure   Level  Hunger
a - Lee's Rapid Deconstr  Erth           ####......   21%         5    #####..
f - Stone Arrow           Conj/Erth      ###...       10%         3    ##.....
v - Passwall              Tmut/Erth      ###.......   3%          2    None
z - Sandblast             Erth           ####..       1%          1    None


Dungeon Overview and Level Annotations

Branches:
Dungeon (6/15)
 Temple: D:4-7

Altars:
Gozag
Sif Muna


Message History

You shout for attention!
You start resting.
The centaur wields a shortbow.
The centaur shoots an arrow.
The arrow hits you!
The centaur shoots an arrow.
The arrow hits you.
You see here 2 arrows.
Casting: Sandblast
Confirm with . or Enter, or press ? or * to list all spells.
Aiming: Sandblast
Press: ? - help, Shift-Dir - straight line, f - centaur
Aim: a centaur, wielding a shortbow The rocky blast hits the centaur.
The centaur shoots an arrow.
The arrow hits you!
* * * LOW HITPOINT WARNING * * *
Okay, then.
It was a potion of degeneration.
There was something very wrong with that liquid.
You feel weakened.
You feel dopey.
You feel clumsy.
The centaur unwields an uncursed shortbow.
The centaur hits you.
You die...

#######.#####...#
#.......<........#
.#
.#####.#####..(.##.#
#.# .#..c.## #.#
....... #.# #.#...
#.# #.#..# #.#
#.#..#
#.#######@#..#
#.......(.c..#
#####.......##
#.###.### #.# #.#
#.# #.# #.# #.# ..#
#.# ### #..


You could see a centaur.

Vanquished Creatures
  An ice beast (D:6)
  A big kobold (Sewer)
  A quasit (D:5)
  A jelly (D:5)
  Crazy Yiuf (D:3)
  A worker ant (D:5)
  2 adders
  A river rat (Sewer)
  An ooze (D:2)
  4 worms
  An orc (D:5)
  A giant cockroach (D:2)
  3 hobgoblins
  5 jackals
  4 kobolds
  4 bats
  2 frilled lizards
  A leopard gecko skeleton (D:4)
  5 rats
40 creatures vanquished.

Notes
Turn   | Place    | Note
-------+----------+-------------------------------------------
     0 | D:1      | Amnesiac the Deep Elf Earth Elementalist began the quest for the Orb.
     0 | D:1      | Reached XP level 1. HP: 10/10 MP: 6/6
   151 | D:2      | Reached XP level 2. HP: 15/15 MP: 1/8
   225 | D:2      | Reached skill level 4 in Earth Magic
   229 | D:2      | Learned a level 2 spell: Passwall
   334 | D:2      | Reached XP level 3. HP: 19/19 MP: 6/10
   339 | D:2      | Learned a level 3 spell: Stone Arrow
   463 | D:3      | Found a runed door.
   487 | D:3      | Noticed Crazy Yiuf
   491 | D:3      | Killed Crazy Yiuf
   567 | D:3      | Found a deep blue altar of Sif Muna.
   572 | D:3      | Became a worshipper of Sif Muna the Loreminder
   628 | D:3      | Found a glowing drain.
   714 | Sewer    | Entered a sewer
   721 | Sewer    | Reached XP level 4. HP: 7/24 MP: 6/12
   724 | Sewer    | Reached skill level 5 in Earth Magic
   981 | Sewer    | Noticed a big kobold
  1015 | Sewer    | Killed a big kobold
  1015 | Sewer    | Reached XP level 5. HP: 23/28 MP: 2/13
  1034 | Sewer    | Found a white marble altar of Elyvilon.
  1179 | D:3      | Learned a level 5 spell: Lee's Rapid Deconstruction
  1292 | D:4      | Found an opulent altar of Gozag.
  1329 | D:5      | Entered Level 5 of the Dungeon
  1389 | D:5      | Reached skill level 5 in Spellcasting
  1389 | D:5      | Reached skill level 6 in Earth Magic
  1449 | D:5      | Reached * piety under Sif Muna
  1492 | D:6      | Noticed an ice beast
  1496 | D:6      | Killed an ice beast
  1496 | D:6      | Reached XP level 6. HP: 32/32 MP: 7/16
  1525 | D:6      | HP: 1/32 [centaur/arrow (10)]
  1527 | D:6      | Slain by a centaur

Vault maps used:
D:1:      erik_arrival_blinker_ship
D:2:      uniq_robin
D:3:      nicolae_overflow_hidden_temple, lemuel_doored_altar,
          lightli_sewer_entry_pipes, dk_noncrumbling_4, fountainhead,
          uniq_grinder, uniq_crazy_yiuf_cottage
D:4:      wad_lake_hut, kennysheep_little_box, old_standard_altar,
          grunt_gozag_statues
D:5:      kennysheep_slug_shrine, first_bread, eino_curves_01,
          minmay_misc_feat_ornament
Sewer:    sewer_kobolds

Skill      XL: |  1  2  3  4  5 |
---------------+----------------+-----
Earth Magic    | 4 5 6 |  6.7
Spellcasting   | 4 5 |  5.8
Dodging        | |  2.4
Stealth        | |  2.4
Transmutations | |  1.1

Action                   |  1- 3 |  4- 6 || total
-------------------------+-------+-------++-------
Melee: Quarterstaff      |     5 |       ||     5
 Cast: Sandblast         |    32 |    37 ||    69
       Stone Arrow       |     1 |       ||     1
       Lee's Rapid Decon |       |     1 ||     1
Invok: Divine Energy     |       |     1 ||     1
  Use: Potion            |       |     1 ||     1
  Eat: Chunk             |       |     2 ||     2
Armor: Robe              |     2 |     1 ||     3
Dodge: Dodged            |     5 |     3 ||     8
